 Dungeon Crawl Stone Soup version 0.24.1-4-ge52af88ad5 (webtiles) character file.

Game seed: 3004229441797789977, levelgen mode: deterministic

618 nightchill the Chopper (level 7, -4/61 HPs)
             Began as a Ghoul Gladiator on Apr 15, 2020.
             Slain by a sky beast (5 damage)
             ... on level 5 of the Dungeon.
             The game lasted 00:12:03 (4864 turns).

nightchill the Chopper (Ghoul Gladiator)            Turns: 4864, Time: 00:12:03

Health: -4/61      AC:  8    Str: 18    XL:     7   Next: 45%
Magic:  6/6        EV: 11    Int:  5    God:
Gold:   262        SH:  0    Dex: 10    Spells: 6/6 levels left

rFire    . . .     SeeInvis .   a - +0 war axe
rCold    + . .     Gourm    .   (no shield)
rNeg     + + +     Faith    .   v - +0 ring mail
rPois    ∞         Spirit   .   c - +0 helmet
rElec    .         Reflect  .   x - +0 cloak
rCorr    .         Harm     .   (no gloves)
MR       .....                  p - +0 pair of boots (curse)
Stlth    ..........             (no amulet)
HPRegen  0.00/turn              (no ring)
MPRegen  0.10/turn              (no ring)

@: rotting, hasted, very quick
A: rotting body, claws 1, carnivore, cold resistance 1, negative energy
resistance 3, inhibited regeneration, torment resistance, unbreathing
a: no special abilities


You were on level 5 of the Dungeon.
You were not hungry.

You visited 1 branch of the dungeon, and saw 6 of its levels.

You collected 262 gold pieces.

Inventory:

Hand Weapons
 a - a +0 war axe (weapon)
 K - a +4 hunting sling of velocity
Missiles
 d - 3 throwing nets (quivered)
 w - 53 stones
 y - 24 poisoned darts
 L - 32 sling bullets
Armour
 b - a +0 leather armour
 c - a +0 helmet (worn)
 p - a cursed +0 pair of boots (worn)
 v - a +0 ring mail (worn)
 x - a +0 cloak (worn)
 z - a +0 buckler
 J - a +0 pair of boots
Magical Staves
 E - an uncursed staff of fire {unknown}
Jewellery
 k - a +3 ring of intelligence {unknown}
 s - an uncursed ring of flight {unknown}
 G - an uncursed ring of fire {unknown}
 H - an uncursed ring of flight {unknown}
 M - an uncursed ring of protection from cold {unknown}
Wands
 P - a wand of polymorph (8)
Scrolls
 i - 8 scrolls of identify {unknown}
 j - 8 scrolls of remove curse {unknown}
 m - 6 scrolls of amnesia {unknown}
 q - 5 scrolls of enchant weapon {unknown}
 u - 2 scrolls of magic mapping {unknown}
 D - 3 scrolls of blinking {unknown}
 F - 3 scrolls of random uselessness {unknown}
 I - a scroll of teleportation {unknown}
 O - a scroll of immolation {unknown}
 R - a scroll of fear {unknown}
Potions
 e - 4 potions of curing {unknown}
 g - 2 potions of flight {unknown}
 h - a potion of mutation {unknown}
 l - a potion of magic {unknown}
 n - 2 potions of berserk rage {unknown}
 o - a potion of agility {unknown}
 r - 4 potions of haste
 t - a potion of might {unknown}
 A - 4 potions of lignification {unknown}
 B - a potion of cancellation {unknown}
 C - 3 potions of heal wounds {unknown}
 Q - a potion of ambrosia {unknown}
Comestibles
 f - 11 rations


   Skills:
 + Level 5.3 Fighting
 * Level 6.4 Axes
 - Level 1.7 Throwing
 - Level 2.6 Dodging


You had 6 spell levels left.
You didn't know any spells.
Your spell library was empty.

Dungeon Overview and Level Annotations

Branches:
Dungeon (6/15)
 Temple: D:4-7

Altars:
Hepliaklqana
Okawaru
Sif Muna
Zin
The Shining One


Innate Abilities, Weirdness & Mutations

Your body is rotting away.
You thrive on raw meat.
You are immune to poison.
You have sharp fingernails.
You are carnivorous and can eat meat at any time.
Your flesh is cold resistant. (rC+)
You are immune to negative energy. (rN+++)
You do not regenerate when monsters are visible.
You are immune to unholy pain and torment.
You can survive without breathing.


Message History

You closely miss something. Something hits you. Something shocks you.
You hit something but do no damage. Something completely misses you.
You closely miss something. Something hits you. Something shocks you.
You miss something. Something hits you but does no damage.
You miss something. Something completely misses you.
You barely miss something. Something hits you but does no damage.
Something hits you.
* * * LOW HITPOINT WARNING * * *
Something shocks you.
* * * LOW HITPOINT WARNING * * *
You miss something. Something hits you.
* * * LOW HITPOINT WARNING * * *
Something shocks you.
* * * LOW HITPOINT WARNING * * *
It was a potion of haste.
You feel yourself speed up. Something hits you but does no damage.
You miss something. Something hits you.
* * * LOW HITPOINT WARNING * * *
Something shocks you.
You die...

.......#...........###.#
.......#.........[..[..##########
.......#.........#...............
.......#.........#..............#
.......#.........................
.......'>........................
.......#.≈.....#.###.##########.#
[......#.......#{# #.# #..
.......#.......#@# #.# #..
.......#.......#.# #.# #..
.......#......##.###.# ####'#
.....###......##.....#######.....
.....# #......########.....'.....
.....###......# #.#####....#
..............## #.#........#
...............# #.##.#######
.............#'#######'##.# #


There were no monsters in sight!

Vanquished Creatures
  2 scorpions (D:4)
  A killer bee (D:5)
  A howler monkey (D:5)
  A crimson imp (D:5)
  3 hounds
  Crazy Yiuf (D:3)
  An orc wizard (D:2)
  A centaur skeleton (D:5)
  An iguana (D:5)
  Natasha (D:2)
  2 worker ants (D:4)
  A worker ant zombie (D:5)
  4 adders
  A worm (D:4)
  4 dart slugs
  3 leopard geckos
  7 orcs
  3 bats
  5 giant cockroaches
  6 goblins
  5 hobgoblins
  8 kobolds
  3 quokkas
  A ball python zombie (D:3)
  5 frilled lizards
  A quokka skeleton (D:5)
  11 rats
83 creatures vanquished.

Notes
Turn   | Place    | Note
-------+----------+-------------------------------------------
     0 | D:1      | nightchill the Ghoul Gladiator began the quest for the Orb.
     0 | D:1      | Reached XP level 1. HP: 17/17 MP: 0/0
   152 | D:1      | Reached skill level 3 in Axes
   152 | D:1      | Reached XP level 2. HP: 23/23 MP: 1/1
   703 | D:2      | Reached XP level 3. HP: 28/28 MP: 2/2
   787 | D:2      | Reached skill level 4 in Axes
   787 | D:2      | Reached XP level 4. HP: 9/38 MP: 3/3
   931 | D:2      | Noticed Natasha
   944 | D:2      | Killed Natasha
  1256 | D:2      | Reached XP level 5. HP: 44/45 MP: 4/4
  2099 | D:3      | Found a runed translucent door.
  2100 | D:3      | Noticed Crazy Yiuf
  2110 | D:3      | Killed Crazy Yiuf
  2712 | D:4      | Found a shimmering blue altar of Sif Muna.
  2713 | D:4      | Found a hazy altar of Hepliaklqana.
  2713 | D:4      | Noticed a phantom
  3033 | D:4      | Reached skill level 5 in Axes
  3074 | D:4      | Reached XP level 6. HP: 45/52 MP: 5/5
  3642 | D:5      | Entered Level 5 of the Dungeon
  3775 | D:5      | Found an iron altar of Okawaru.
  3844 | D:5      | Found a glowing golden altar of the Shining One.
  3934 | D:5      | Noticed Sigmund
  3938 | D:5      | Noticed Sigmund
  3938 | D:5      | Sigmund changed into Sigmund the killer bee
  3956 | D:5      | Killed Sigmund the killer bee
  3956 | D:5      | Reached skill level 6 in Axes
  3956 | D:5      | Reached XP level 7. HP: 15/60 MP: 6/6
  4151 | D:5      | Reached skill level 5 in Fighting
  4460 | D:5      | Found a glowing silver altar of Zin.
  4864 | D:5      | HP: 1/61 [something (3)]
  4864 | D:5      | Slain by a sky beast

Levels and vault maps discovered:
D:1:      giann_wishing_wells, layout_rooms, minmay_parallelograms
D:2:      layout_basic, serial_corexii_hall, corexii_hall_statues_x,
          corexii_hall_statues_l, chequers_hall_statues_y,
          chequers_hall_statues_y, chequers_hall_statues_corner_a,
          corexii_hall_statues_i, nrook_loot_triangle, uniq_natasha
D:3:      layout_loops_ring, uniq_crazy_yiuf_cottage
D:4:      layout_rooms, gammafunk_temple_overflow_pools, st_stairs_10
D:5:      layout_basic, lemuel_coloured_pillars_altar, kennysheep_mini,
          lemuel_crystal_altar, first_ration, uniq_sigmund
D:6:      layout_basic, minmay_temple_entry_statues_fountains,
          nicolae_dithmenos_shadow_blocks

Skill      XL: |  1  2  3  4  5  6  7 |
---------------+----------------------+-----
Axes           | 3 4 5 6 |  6.4
Fighting       | 3 4 5 |  5.3
Throwing       | |  1.7
Dodging        | |  2.6

Action                   |  1- 3 |  4- 6 |  7- 9 || total
-------------------------+-------+-------+-------++-------
Melee: War axe           |    91 |   220 |    71 ||   382
Evoke: Wand              |       |     1 |       ||     1
  Use: Potion            |       |       |     1 ||     1
  Eat: Chunk             |     5 |    32 |     3 ||    40
Armor: Leather armour    |    37 |     2 |       ||    39
       Ring mail         |       |    83 |    39 ||   122
Dodge: Dodged            |    67 |   140 |    37 ||   244
